 Dungeon Crawl Stone Soup version 0.29.1-1-gd02db6906a (webtiles) character file.

Game seed: 452015846807215003

29064 NullDivider the Unseen (level 13, -2/79 HPs)
             Began as an Octopode Venom Mage on Sept 30, 2022.
             Was an Elder of Elyvilon.
             Shot with an arrow by a centaur warrior (24 damage)
             ... on level 13 of the Dungeon on Oct 1, 2022.
             The game lasted 03:07:43 (23586 turns).

NullDivider the Unseen (Octopode Venom Mage)       Turns: 23586, Time: 03:07:43

Health: -2/79      AC:  3    Str: 14    XL:     13   Next: 42%
Magic:  35/40      EV: 19    Int: 19    God:    Elyvilon [****..]
Gold:   507        SH:  0    Dex: 15    Spells: 2/24 levels left

rFire   + . .      SeeInvis .   E - +5 trident "Ykhluax" {flame, *Rage Fly rPois MP+9}
rCold   + . .      Faith    .   (no shield)
rNeg    . . .      Spirit   .   Q - +2 hat {Will+}
rPois   +          Reflect  .   q - amulet of the acrobat
rElec   .          Harm     .   e - ring of willpower
rCorr   .          Rampage  .   n - +6 ring of strength
Will    ++...      Rage     20% o - ring of wizardry
Stlth   +++++++...              u - ring of protection from fire
HPRegen 0.23/turn               y - ring of protection from cold
MPRegen 0.27/turn               A - ring of magical power
                                (no ring)
                                (no ring)

@: flying, very slightly contaminated, slowed, very slow
A: almost no armour, amphibious, 8 rings, camouflage 1, gelatinous body 1,
(nimble swimmer 1), tentacles
a: Renounce Religion, Purification, Heal Other, Heal Self


You were on level 13 of the Dungeon.
You worshipped Elyvilon.
Elyvilon was greatly pleased with you.
You visited 1 branch of the dungeon, and saw 13 of its levels.

You collected 792 gold pieces.
You spent 285 gold pieces at shops.

Inventory:

Hand Weapons
 h - a +0 glaive of freezing
 t - a +1 dagger of protection
 D - a +4 short sword of venom
 E - the +5 trident "Ykhluax" (weapon) {flame, *Rage Fly rPois MP+9}
   (You found it on level 9 of the Dungeon)

   It burns those it strikes, dealing additional fire damage.
   rPois:     It protects you from poison.
   MP:        It affects your magic capacity (+9).
   Fly:       It grants you flight.
   *Rage:     It berserks you when you make melee attacks (+20% chance).
Armour
 Q - a +2 hat of willpower (worn)
Jewellery
 e - a ring of willpower (left tentacle)
 l - a ring of ice
 n - a +6 ring of strength (right tentacle)
 o - a ring of wizardry (on tentacle)
 q - an amulet of the acrobat (around mantle)
 u - a ring of protection from fire (on tentacle)
 w - a ring of poison resistance
 y - a ring of protection from cold (on tentacle)
 A - a ring of magical power (on tentacle)
Wands
 g - a wand of polymorph (10)
 k - a wand of digging (4)
 x - a wand of charming (8)
 B - a wand of flame (21)
 G - a wand of iceblast (4)
Scrolls
 b - a scroll of brand weapon
 c - 5 scrolls of teleportation
 i - a scroll of amnesia
 j - 3 scrolls of vulnerability
 m - 3 scrolls of immolation
 p - 2 scrolls of magic mapping
 v - 2 scrolls of blinking
 H - 3 scrolls of summoning
 K - a scroll of poison
 O - a scroll of fear
Potions
 a - a potion of magic
 d - 2 potions of haste
 f - 3 potions of mutation
 r - 2 potions of ambrosia
 z - 2 potions of brilliance
 C - 2 potions of attraction
 F - a potion of cancellation {unknown}
 I - 4 potions of curing
 J - a potion of degeneration {unknown}
 M - 3 potions of flight
 P - a potion of might {unknown}
Miscellaneous
 L - a lightning rod (4/4)
 R - a piece from Xom's chessboard (15/15)
 S - a phial of floods


   Skills:
 + Level 3.9 Fighting
 + Level 7.1 Short Blades
 + Level 7.5 Polearms
 * Level 11.3 Dodging
 * Level 15.7 Stealth
 - Level 6.3 Spellcasting
 - Level 1.5 Conjurations
 - Level 1.2 Hexes
 * Level 1.9 Summonings
 - Level 0.5 Translocations
 - Level 1.2 Transmutations
 - Level 1.0 Fire Magic
 - Level 1.1 Ice Magic
 - Level 2.9 Air Magic
 - Level 6.3 Poison Magic
 - Level 3.6 Invocations
 - Level 6.8 Evocations


You had 2 spell levels left.
You knew the following spells:

 Your Spells              Type           Power      Damage    Failure   Level
a - Sting                 Tmut/Pois      80%        1d7       1%          1
b - Poisonous Vapours     Pois/Air       46%        N/A       1%          2
c - Mephitic Cloud        Conj/Pois/Air  19%        N/A       3%          3
d - Olgreb's Toxic Radia  Pois           30%        N/A       3%          4
e - Ensorcelled Hibernat  Hex/Ice        20%        N/A       4%          2
f - Swiftness             Air            17%        N/A       4%          3
g - Apportation           Tloc           14%        N/A       3%          1
h - Ignite Poison         Fire/Tmut/Pois 16%        N/A       4%          3
i - Summon Guardian Gole  Hex/Summ       12%        N/A       7%          3

Your spell library contained the following spells:

 Spells                   Type           Power      Damage    Failure   Level
 Passwall                 Tmut/Erth      6%         N/A       5%          2
 Conjure Flame            Conj/Fire      10%        6-21      8%          3
 Hailstorm                Conj/Ice       11%        3d5       24%         4
 Ice Form                 Ice/Tmut       10%        N/A       26%         4
 Sticky Flame             Conj/Fire      10%        2d3       26%         4
 Alistair's Intoxication  Tmut/Pois      13%        N/A       26%         5
 Simulacrum               Ice/Necr       4%         N/A       99%         6
 Orb of Destruction       Conj           5%         9d5       100%        7
 Spellforged Servitor     Conj/Summ      6%         N/A       100%        7


Dungeon Overview and Level Annotations

Branches:
Dungeon (13/15)            Temple (0/1) D:6            Lair (0/5) D:10
    Orc (0/2) D:12
 Vaults: D:13-14

Altars:
Elyvilon
Fedhas
Hepliaklqana
Kikubaaqudgha
Makhleb
Qazlal
Ru
Uskayaw
Vehumet
The Shining One
Jiyva

Shops:
D:2 :   D:9 ?

Annotations:
D:3 3 runed translucent doors, topfpfpflanze's ghost, amateur DsNe
D:9 3 runed translucent doors, sipior's ghost, journeyman GrEE


Innate Abilities, Weirdness & Mutations

You cannot wear most types of armour.
You are amphibious.
You can wear up to eight rings at the same time.
Your skin changes colour to match your surroundings (Stealth+).
Your rubbery body absorbs attacks. (AC +1, EV +1)
((You are camouflaged when in or above water. (Stealth+)))
You have tentacles for arms and can constrict up to eight enemies at once.


Message History

You start resting.
A cyclops comes into view.
You fly upwards.
There is a stone staircase leading down here.
You start resting.
HP restored.
Casting: Poisonous Vapours (safe; 1% risk of failure)
Confirm with . or Enter, or press ? or * to list all spells.
Okay, then.
Things that are here:
a +0 robe; a staff of air
There is a stone staircase leading down here.
You fly downwards.
Found 31 gold pieces and 7 stones.
There is a stone staircase leading up here.
Casting: Poisonous Vapours (safe; 1% risk of failure)
Confirm with . or Enter, or press ? or * to list all spells.
You begin to radiate toxic energy.
The centaur warrior shouts!
The centaur warrior is poisoned. x2; The centaur warrior looks even sicker.
The centaur warrior wields a +0 shortbow.
The centaur warrior shoots an arrow.
The arrow hits you!!
The centaur warrior wields a +0 longbow.
The centaur warrior shoots an arrow.
The arrow misses you.
A vampire mosquito comes into view.
Casting: Olgreb's Toxic Radiance (dangerous; 3% risk of failure)
Confirm with . or Enter, or press ? or * to list all spells.
Aiming: Poisonous Vapours (safe; 1% risk of failure)
Press: ? - help, Dir - move target, f - centaur warrior
Aim: a centaur warrior, wielding a +0 longbow (lightly wounded, poisoned)
You miscast Poisonous Vapours.
You are very lightly contaminated with residual magic.
Nothing appears to happen.
The centaur warrior looks even sicker. x2
Your toxic aura wanes.
The centaur warrior shoots an arrow.
The arrow hits you!! The wraith hits you! The wraith drains your vigour!
You feel yourself slow down.
The centaur warrior shoots an arrow.
The arrow hits you!!
* * * LOW HITPOINT WARNING * * *
You feel much better.
The centaur warrior shoots an arrow.
The arrow hits you!!
You die...

### # .. .# #
(.####. # #.
.#.#. .# .. ...
..
#.#.#.#.#.#.#c#
......W@.......
#.#.#.#.#c#.#.#
.. ... y. #.
.#.#. .# ..
...$... .. #.
.# #.# #$ .# .
.. ... .. . .#
#.# #.


You could see 2 centaur warriors, a wraith and a vampire mosquito.

Vanquished Creatures
  Frances (D:12)
  An ice dragon (D:12)
  3 boulder beetles
  Erolcha (D:9)
  3 hydras
  2 centaur warriors
  5 two-headed ogres
  A skeletal warrior (D:12)
  Pikel (D:9)
  2 manticores (D:12)
  A deep elf pyromancer (D:12)
  4 ugly things
  Maurice (D:8)
  2 cyclopes (D:12)
  A gargoyle (D:11)
  5 kobold demonologists
  Psyche (D:8)
  2 komodo dragons
  A freezing wraith (D:12)
  3 trolls
  Grinder (D:4)
  2 hornets
  A slime creature (D:12)
  Sigmund (D:2)
  A shadow (D:9)
  A wraith (D:12)
  2 wyverns
  17 yaks
  A vampire (D:12)
  2 basilisks (D:12)
  Menkaure (D:4)
  A vampire mosquito (D:12)
  2 acid dragons
  5 orc warriors
  4 water moccasins
  3 sky beasts
  3 ice beasts
  A black bear (shapeshifter) (D:12)
  2 black bears
  14 centaurs
  4 kobold brigands
  3 gnoll sergeants
  4 bullfrogs
  2 necrophages (D:6)
  2 scorpions
  5 wights (D:9)
  3 killer bees (D:11)
  8 howler monkeys
  Crazy Yiuf (D:2)
  4 hounds
  4 jellies
  7 orc priests
  Natasha (thrice) (D:2)
  3 iguanas
  8 orc wizards
  Robin (D:4)
  9 gnolls
  4 adders
  A shadow imp (D:4)
  A white imp (D:6)
  2 worms
  5 dart slugs
  23 orcs
  10 endoplasms
  5 giant cockroaches
  15 goblins
  9 hobgoblins
  4 jackals (D:1)
  5 quokkas
  6 ball pythons
  6 bats
  6 frilled lizards
  16 kobolds
  5 rats
300 creatures vanquished.

Vanquished Creatures (others)
  5 plants
5 creatures vanquished.

Grand Total: 305 creatures vanquished

Notes
Turn   | Place    | Note
-------+----------+-------------------------------------------
     0 | D:1      | NullDivider the Octopode Venom Mage began the quest for the
                  | Orb.
     0 | D:1      | Reached XP level 1. HP: 11/11 MP: 3/3
   134 | D:1      | Reached skill level 3 in Stealth
   134 | D:1      | Reached XP level 2. HP: 17/17 MP: 3/5
   159 | D:1      | Learned a level 2 spell: Poisonous Vapours
   534 | D:1      | Reached XP level 3. HP: 21/21 MP: 3/6
   538 | D:1      | Learned a level 3 spell: Mephitic Cloud
  1350 | D:2      | Noticed Natasha
  1360 | D:2      | Killed Natasha
  1361 | D:2      | Reached XP level 4. HP: 27/27 MP: 1/7
  1460 | D:2      | Found Suczuasa's Vocational Training.
  1570 | D:2      | Noticed Natasha
  1574 | D:2      | Killed Natasha
  1575 | D:2      | Reached skill level 4 in Stealth
  1588 | D:2      | Reached XP level 5. HP: 28/31 MP: 4/9
  1666 | D:2      | Noticed Natasha
  1672 | D:2      | Killed Natasha
  1673 | D:2      | Reached skill level 1 in Air Magic
  1801 | D:2      | Noticed Sigmund
  2143 | D:2      | Reached skill level 1 in Conjurations
  2264 | D:2      | Found a runed translucent door.
  2265 | D:2      | Noticed Crazy Yiuf
  2535 | D:2      | Found a glowing golden altar of the Shining One.
  2682 | D:2      | Killed Sigmund
  2683 | D:2      | Reached skill level 5 in Stealth
  2683 | D:2      | Reached skill level 5 in Poison Magic
  2683 | D:2      | Reached XP level 6. HP: 36/36 MP: 1/10
  2688 | D:2      | Learned a level 4 spell: Olgreb's Toxic Radiance
  2790 | D:2      | Killed Crazy Yiuf
  3514 | D:3      | Found a faded altar of an unknown god.
  3654 | D:3      | Found a blossoming altar of Fedhas.
  3668 | D:3      | Found a runed translucent gate.
  3668 | D:3      | Found a runed translucent gate.
  3668 | D:3      | Noticed topfpfpflanze's ghost (amateur DsNe)
  3670 | D:3      | Found a runed translucent gate.
  4276 | D:4      | Reached XP level 7. HP: 41/41 MP: 12/12
  4456 | D:4      | Noticed Grinder
  4468 | D:4      | Killed Grinder
  4469 | D:4      | Reached skill level 1 in Short Blades
  4988 | D:4      | Reached skill level 6 in Stealth
  5125 | D:4      | Noticed Robin
  5132 | D:4      | Killed Robin
  5253 | D:4      | Found a white marble altar of Elyvilon.
  5333 | D:4      | Noticed Menkaure
  5345 | D:4      | Reached XP level 8. HP: 46/46 MP: 12/14
  5355 | D:4      | Killed Menkaure
  5378 | D:4      | Learned a level 2 spell: Ensorcelled Hibernation
  5382 | D:4      | Learned a level 3 spell: Swiftness
  6060 | D:4      | Became a worshipper of Elyvilon the Healer
  6083 | D:5      | Entered Level 5 of the Dungeon
  7067 | D:5      | Reached skill level 7 in Stealth
  7067 | D:5      | Reached skill level 1 in Hexes
  7082 | D:5      | Reached skill level 1 in Ice Magic
  7261 | D:5      | Noticed a +0 hand axe
  7262 | D:5      | Noticed a +3 hand axe
  7263 | D:5      | Found a hide-covered altar of Uskayaw.
  7281 | D:5      | Reached skill level 5 in Dodging
  7769 | D:5      | Reached * piety under Elyvilon
  7955 | D:6      | Reached XP level 9. HP: 30/51 MP: 8/16
  8091 | D:6      | Reached skill level 1 in Invocations
  8142 | D:6      | Learned a level 1 spell: Apportation
  8163 | D:6      | Reached skill level 5 in Spellcasting
  8213 | D:6      | Reached ** piety under Elyvilon
  8435 | D:6      | Reached skill level 8 in Stealth
  8681 | D:6      | Identified the +1 scale mail "Icuaclif" {rC- Dex+5}
  9399 | D:6      | Found a staircase to the Ecumenical Temple.
 10748 | D:7      | Reached *** piety under Elyvilon
 10795 | D:7      | Reached skill level 9 in Stealth
 11317 | D:7      | Reached XP level 10. HP: 39/56 MP: 5/18
 11833 | D:7      | Found a radiant altar of Vehumet.
 11862 | D:8      | Found a hazy altar of Hepliaklqana.
 11863 | D:8      | Found an ancient bone altar of Kikubaaqudgha.
 11863 | D:8      | Found a sacrificial altar of Ru.
 11864 | D:8      | Found a burning altar of Makhleb.
 11885 | D:8      | Learned a level 3 spell: Ignite Poison
 12243 | D:8      | Noticed Psyche
 12249 | D:8      | Killed Psyche
 12401 | D:8      | Reached skill level 5 in Short Blades
 12450 | D:8      | Reached skill level 1 in Evocations
 12584 | D:8      | Noticed Maurice
 12591 | D:8      | Killed Maurice
 12817 | D:9      | Reached **** piety under Elyvilon
 13364 | D:8      | Reached skill level 1 in Fire Magic
 13447 | D:8      | Reached skill level 10 in Stealth
 13963 | D:9      | Found a stormy altar of Qazlal.
 13980 | D:9      | Identified the +5 trident "Ykhluax" {flame, *Rage Fly rPois
                  | MP+9}
 14165 | D:9      | Noticed Erolcha
 14175 | D:9      | Killed Erolcha
 14176 | D:9      | Reached skill level 1 in Polearms
 14289 | D:9      | Found a runed translucent gate.
 14311 | D:9      | Found Simut's Magic Scroll Shoppe.
 14315 | D:9      | Bought a scroll of teleportation for 39 gold pieces
 14317 | D:9      | Noticed a two-headed ogre
 14334 | D:9      | Killed a two-headed ogre
 14445 | D:9      | Elyvilon protects you from harm!
 14458 | D:9      | Reached skill level 11 in Stealth
 14482 | D:9      | Reached XP level 11. HP: 22/61 MP: 20/20
 14751 | D:9      | Found a runed translucent gate.
 14760 | D:9      | Found a runed translucent gate.
 15371 | D:9      | Found a viscous altar of Jiyva.
 15371 | D:9      | Noticed sipior's ghost (journeyman GrEE)
 15606 | D:9      | Reached skill level 5 in Evocations
 15925 | D:9      | Noticed Pikel
 16465 | D:9      | Killed Pikel
 16542 | D:10     | Entered Level 10 of the Dungeon
 16566 | D:10     | Reached skill level 12 in Stealth
 17085 | D:10     | Noticed a two-headed ogre
 17091 | D:10     | Killed a two-headed ogre
 17244 | D:10     | Found a staircase to the Lair.
 17258 | D:10     | Reached skill level 5 in Polearms
 17259 | D:10     | Noticed a sun demon
 17567 | D:9      | Bought a scroll of enchant weapon for 97 gold pieces
 17567 | D:9      | Bought a scroll of blinking for 97 gold pieces
 17567 | D:9      | Bought a scroll of poison for 52 gold pieces
 17699 | D:11     | Noticed a boulder beetle
 17905 | D:11     | Noticed a two-headed ogre
 17909 | D:11     | Killed a two-headed ogre
 18502 | D:11     | Reached XP level 12. HP: 66/66 MP: 21/21
 18525 | D:11     | Reached skill level 13 in Stealth
 18626 | D:11     | Reached ***** piety under Elyvilon
 18716 | D:11     | Killed a boulder beetle
 19111 | D:11     | Noticed a two-headed ogre
 19119 | D:11     | Killed a two-headed ogre
 19454 | D:12     | Noticed Frances
 19461 | D:12     | Noticed a soul eater
 19467 | D:12     | Killed Frances
 19712 | D:12     | Noticed a two-headed ogre
 19831 | D:12     | Killed a two-headed ogre
 19832 | D:12     | Reached skill level 1 in Fighting
 19832 | D:12     | Reached skill level 10 in Dodging
 19948 | D:12     | Found a staircase to the Orcish Mines.
 20127 | D:12     | Reached skill level 14 in Stealth
 20379 | D:12     | Noticed an ice dragon
 20390 | D:12     | Killed an ice dragon
 20475 | D:12     | Noticed a boulder beetle
 20534 | D:12     | Killed a boulder beetle
 20557 | D:12     | Elyvilon protects you from harm!
 20623 | D:12     | HP: 2/105 [troll (5)]
 20660 | D:12     | Noticed an eight-headed hydra
 21156 | D:12     | Pacified an eight-headed hydra
 21336 | D:12     | Noticed a seven-headed hydra
 21427 | D:12     | Noticed a sun demon
 21427 | D:12     | Killed a seven-headed hydra
 21428 | D:12     | Reached skill level 15 in Stealth
 21428 | D:12     | Reached XP level 13. HP: 40/77 MP: 22/22
 21430 | D:12     | HP: 1/77 [sixfirhy[a kobold demonologist] (11)]
 22241 | D:12     | Learned a level 3 spell: Summon Guardian Golem
 22862 | D:12     | Reached skill level 1 in Summonings
 23586 | D:13     | Shot with an arrow by a centaur warrior

Illustrated notes

Levels and vault maps discovered:
D:1:      minmay_arrival_five_plusses, layout_basic
D:2:      layout_loops_ring, basic_altar, nicolae_shop_vocational,
          uniq_crazy_yiuf_cottage, uniq_natasha, uniq_sigmund
D:3:      layout_basic, fedhas_altar_2, hellmonk_ecumenical_altar_lost_god,
          ebering_ghost_rock_garden
D:4:      layout_layer_cave, mainiacjoe_overflow_alcove_4, uniq_grinder,
          uniq_menkaure, uniq_robin
D:5:      layout_basic, dancing_weapons_uskayaw
D:6:      layout_loops_corners, temple_statues
D:7:      layout_rooms, kennysheep_mini
D:8:      layout_basic, chequers_temple_overflow_statue_of_worship,
          nicolae_two_hexagons, uniq_psyche, uniq_maurice
D:9:      layout_irregular_city, nicolae_qazlal_style_of_elements, serial_shops,
          nicolae_shop_trees, gammafunk_ghost_ooze, minmay_fractal_squares_5,
          uniq_pikel, uniq_erolcha
D:10:     layout_basic, david_lair_shrubbed, grunt_decor_one_mirror,
          hangedman_decor_points
D:11:     layout_loops_cross
D:12:     minmay_the_grid_square_5x5_3x3 [minmay_the_grid_square_5x5_two_small,
          minmay_the_grid_square_5x5_hourglass,
          minmay_the_grid_square_5x5_inner_z,
          minmay_the_grid_square_5x5_sharp_hourglass,
          minmay_the_grid_square_5x5_megaprize_checkered,
          minmay_the_grid_square_5x5_mess, minmay_the_grid_square_5x5_trominoes,
          minmay_the_grid_square_5x5_broken_cross,
          minmay_the_grid_square_5x5_spiral], layout_loops_ring, uniq_frances
D:13:     layout_small_grid, st_stairs_11

Skill      XL: |  1  2  3  4  5  6  7  8  9 10 11 12 13 |
---------------+----------------------------------------+-----
Stealth        | 3 4 5 6 7 9 11 12 15 | 15.7
Poison Magic   | 4 5 6 |  6.3
Air Magic      | 1 2 |  2.9
Conjurations   | 1 |  1.5
Dodging        | 3 4 5 6 7 9 10 11 | 11.3
Spellcasting   | 3 4 5 6 |  6.3
Short Blades   | 2 4 5 6 7 |  7.1
Hexes          | 1 |  1.2
Ice Magic      | 1 |  1.1
Invocations    | 3 |  3.6
Evocations     | 4 6 |  6.8
Fire Magic     | 1 |  1.0
Polearms       | 2 5 7 |  7.5
Fighting       | 3 |  3.9
Summonings     | 1 |  1.9
Translocations | |  0.5
Transmutations | |  1.2

Action                   |  1- 3 |  4- 6 |  7- 9 | 10-12 | 13-15 || total
-------------------------+-------+-------+-------+-------+-------++-------
Melee: Unarmed           |     5 |       |    77 |       |       ||    82
       Constrict         |     6 |    10 |    26 |    23 |     4 ||    69
       Short sword       |    19 |    49 |    31 |     5 |     1 ||   105
       Tentacles         |     5 |     6 |    43 |    58 |    12 ||   124
       Punch             |       |       |     2 |     4 |     1 ||     7
       Dagger            |       |       |    46 |    26 |       ||    72
       Trident           |       |       |       |   173 |    49 ||   222
 Cast: Sting             |    46 |    30 |    92 |    19 |     1 ||   188
       Poisonous Vapours |     3 |    18 |    54 |   105 |    19 ||   199
       Mephitic Cloud    |       |     2 |     3 |    29 |     1 ||    35
       Olgreb's Toxic Ra |       |       |     5 |     6 |     3 ||    14
       Swiftness         |       |       |     1 |     7 |       ||     8
       Ignite Poison     |       |       |       |    31 |     8 ||    39
       Ensorcelled Hiber |       |       |       |     5 |       ||     5
Invok: Heal Self         |       |       |     2 |     5 |       ||     7
       Heal Other        |       |       |       |     3 |       ||     3
Evoke: Wand              |       |       |     1 |    13 |     3 ||    17
  Use: Scroll            |       |     4 |     3 |    13 |     2 ||    22
       Potion            |       |       |     5 |     1 |     2 ||     8
 Stab: Sleeping          |     1 |    12 |     6 |     7 |     4 ||    30
       Confused          |       |       |     2 |     6 |     1 ||     9
       Distracted        |       |       |     1 |     1 |       ||     2
Armor: Skin              |     7 |     1 |    26 |    26 |     4 ||    64
Dodge: Dodged            |    22 |    22 |   191 |   266 |    41 ||   542
